 Dungeon Crawl Stone Soup version 0.29-a0-364-g921d912d32 (webtiles) character file.

Game seed: 510644600012734960

21 sammy202020 the Skirmisher (level 2, 0/24 HPs)
             Began as a Demonspawn Berserker on May 1, 2022.
             Was a Follower of Trog.
             Slain by an orc
             ... wielding a +0 whip
              (3 damage)
             ... on level 2 of the Dungeon.
             The game lasted 00:02:36 (1050 turns).

sammy202020 the Skirmisher (Demonspawn Berserker)   Turns: 1050, Time: 00:02:37

Health: 0/24       AC:  3    Str: 17    XL:     2   Next: 65%
Magic:  2/2        EV: 12    Int:  8    God:    Trog [*.....]
Gold:   66         SH:  0    Dex: 12    Spells: 1/1 levels left

rFire   . . .      SeeInvis .   a - +0 hand axe
rCold   . . .      Faith    .   (no shield)
rNeg    . . .      Spirit   .   f - +0 leather armour
rPois   .          Reflect  .   (no helmet)
rElec   .          Harm     .   (no cloak)
rCorr   .          Rampage  .   (no gloves)
Will    .....                   (no boots)
Stlth   +.........              h - amulet of regeneration
HPRegen 0.88/turn               (no ring)
MPRegen 0.08/turn               (no ring)

@: brilliant
A: foul stench 1
a: Renounce Religion, Berserk


You were on level 2 of the Dungeon.
You worshipped Trog.
Trog was aware of your devotion.
You visited 1 branch of the dungeon, and saw 2 of its levels.

You collected 66 gold pieces.

Inventory:

Hand Weapons
 a - a +0 hand axe (weapon)
 j - a +0 hunting sling
Armour
 b - a +0 animal skin
 f - a +0 leather armour (worn)
Jewellery
 h - an amulet of regeneration (around neck)
Scrolls
 c - a scroll of teleportation {unknown}
 e - a scroll of amnesia {unknown}
 g - a scroll of holy word {unknown}
 i - a scroll of identify {unknown}


   Skills:
 * Level 3.3 Fighting
 * Level 3.0 Axes
 + Level 2.0 Armour
 + Level 2.1 Dodging


You had one spell level left.
You didn't know any spells.
Your spell library was empty.

Dungeon Overview and Level Annotations

Branches:
Dungeon (2/15)

Altars:


Innate Abilities, Weirdness & Mutations

You may rarely emit foul miasma when damaged in melee.


Message History

You are too confused!
You are too confused!
You are too confused!
You are too confused!
You are too confused!
You are too confused!
You are too confused!
You are too confused!
You are too confused!
You are too confused!
You are too confused!
You are too confused!
You are too confused!
Unknown command.
Okay, then.
You bump into the rock wall.
The orc hits you with a +0 short sword. The orc wizard completely misses you.
The orc barely misses you.
You bump into the rock wall.
The orc hits you but does no damage. The orc wizard barely misses you.
The orc hits you but does no damage.
You hit the orc wizard.
The orc wizard is severely wounded.
You hit the orc but do no damage. You miss the orc. The orc closely misses you.
The orc wizard casts a spell at you. The magic dart hits you.
The orc barely misses you.
The orc wizard hits you with a +0 dagger.
The orc hits you with a +0 short sword.
* * * LOW HITPOINT WARNING * * *
The orc hits you with a +0 whip.
* * * LOW HITPOINT WARNING * * *
The orc wizard attacks as you move away!
The orc wizard hits you but does no damage.
The orc hits you but does no damage.
Okay, then.
Okay, then.
It was a potion of brilliance.
You feel clever all of a sudden.
You feel less confused. The orc hits you with a +0 short sword.
* * * LOW HITPOINT WARNING * * *
The orc hits you with a +0 whip.
You die...

######## #......#
#......#
#......####### .
#............#
....###o@†.........#
...>..oo............
.....gK####........#
#..[... #........#
#...... #........#
#...... #........#
#...... #........#
###+### #........#
##########


You could see an orc wizard, 2 orcs, a hobgoblin and a kobold.

Vanquished Creatures
  An endoplasm (D:1)
  A giant cockroach (D:1)
  3 goblins (D:1)
  A hobgoblin (D:1)
  3 kobolds (D:1)
  A quokka (D:2)
  3 ball pythons (D:1)
  A bat (D:1)
  6 frilled lizards (D:1)
  2 rats (D:1)
22 creatures vanquished.

Notes
Turn   | Place    | Note
-------+----------+-------------------------------------------
     0 | D:1      | sammy202020 the Demonspawn Berserker began the quest for
                  | the Orb.
     0 | D:1      | Reached XP level 1. HP: 18/18 MP: 1/1
     1 | D:1      | Noticed an electric eel
   337 | D:1      | Gained mutation: You may rarely emit foul miasma when
                  | damaged in melee. [demonic ancestry]
   337 | D:1      | Reached XP level 2. HP: 23/24 MP: 2/2
   865 | D:1      | Found a faded altar of an unknown god.
  1050 | D:2      | Slain by an orc

Illustrated notes

Levels and vault maps discovered:
D:1:      arrival_aquarium_a, layout_rooms, basic_ecumenical_altar,
          kennysheep_nondescript, minmay_misc_feat_roman
D:2:      layout_basic, minmay_tetromino_i2

Skill      XL: |  1  2 |
---------------+-------+-----
Dodging        | 2 |  2.1
Axes           | 3 |  3.0
Armour         | 2 |  2.0
Fighting       | |  3.3

Action                   || total
-------------------------++-------
Melee: Hand axe          ||    72
  Use: Potion            ||     1
 Stab: Sleeping          ||     1
Armor: Animal skin       ||    10
       Leather armour    ||    10
Dodge: Dodged            ||    50

Table legend: (Time is in decaauts)
 A = Elapsed time spent in this place.
 B = Non-inter-level travel time spent in this place.
 C = Inter-level travel time spent in this place.
 D = Time resting spent in this place.
 E = Time spent auto-exploring this place.
 F = Levels seen in this place.
 G = Mean time per level.
                   A        B        C        D        E       F      G
               +--------+--------+--------+--------+--------+-----+--------+
         Total |   1061 |   1007 |     54 |      0 |    801 |   2 |  530.5 |
       Dungeon |   1061 |   1007 |     54 |      0 |    801 |   2 |  530.5 |
               +--------+--------+--------+--------+--------+-----+--------+

Top non-repeatable levels by time:
     D:1: 1041 daAuts
     D:2: 19 daAuts
